 Dungeon Sprint DCSS version 0.21.1-1-g345015f (webtiles) character file.

1878 Fang the Severer (level 8, -6/129 HPs)
             Began as a Minotaur Berserker on May 31, 2018.
             Was a High Priest of Trog.
             Mangled by an eight-headed hydra (18 damage)
             ... in the Dungeon (Sprint IX: "|||||||||||||||||||||||||||||").
             The game lasted 00:01:33 (531 turns).

Fang the Severer (Minotaur Berserker)                Turns: 531, Time: 00:01:34

Health: -6/129     AC:  2    Str: 30    XL:     8   Next: 91%
Magic:  7/7        EV: 17    Int:  7    God:    Trog [*****.]
Gold:   0          SH:  0    Dex: 12    Spells: 7/7 levels left

rFire    . . .     SeeInvis .   n - +1 broad axe (chop)
rCold    . . .     Gourm    .   (no shield)
rNeg     . . .     Faith    .   b - +0 animal skin
rPois    .         Spirit   .   (helmet restricted)
rElec    .         Reflect  .   (no cloak)
rCorr    .         Harm     .   (no gloves)
MR       .....     NoTele   +   (no boots)
Stlth    ..........             (no amulet)
HPRegen  0.31/turn              o - +3 ring of intelligence
MPRegen  0.10/turn              p - +3 ring of dexterity

@: berserking (expiring), very quick
A: retaliatory headbutt, horns 2
a: Berserk, Trog's Hand, Brothers in Arms, Burn Spellbooks, Renounce Religion


You were in the Dungeon.
You worshipped Trog.
Trog was extremely pleased with you.
You were near starving.

You visited 1 branch

Inventory:

Hand Weapons
 a - a +0 hand axe
 n - a +1 broad axe of chopping (weapon)
Armour
 b - a +0 animal skin (worn)
Jewellery
 o - a +3 ring of intelligence (left hand)
 p - a +3 ring of dexterity (right hand)
Wands
 m - a wand of iceblast (10)
Scrolls
 i - 3 scrolls of blinking
 l - 4 scrolls of remove curse
 q - 2 scrolls of enchant weapon
 r - a scroll of identify
 s - 2 scrolls of enchant armour
 t - a scroll of fear
Potions
 d - 6 potions of curing
 e - 5 potions of heal wounds
 f - 3 potions of haste
 g - 4 potions of magic
 h - 2 potions of berserk rage
 j - a potion of might
 k - a potion of invisibility
Comestibles
 c - a ration


   Skills:
 + Level 13.6 Fighting
 + Level 15.6 Axes
 + Level 6.4 Armour
 + Level 8.9 Dodging
 + Level 1.4 Stealth


You had 7 spell levels left.
You didn't know any spells.

Dungeon Overview and Level Annotations

Branches:
Dungeon (1/1)

Altars:
Cheibriados
Dithmenos
Elyvilon
Fedhas
Gozag
Hepliaklqana
Kikubaaqudgha
Makhleb
Nemelex Xobeh
Okawaru
Qazlal
Ru
Sif Muna
Trog
Uskayaw
Vehumet
Wu Jian
Xom
Yredelemnul
Zin
The Shining One
Beogh
Jiyva
Lugonu


Innate Abilities, Weirdness & Mutations

You reflexively headbutt those who attack you in melee.
You have a pair of horns on your head.


Message History

The eight-headed hydra grows two more!
You slice the ten-headed hydra!! You headbutt the ten-headed hydra!
The ten-headed hydra is severely wounded.
Unknown command.
You are too berserk!
You slice one of the ten-headed hydra's heads off!
The nine-headed hydra grows two more!
You slice the 11-headed hydra!!
You kill the 11-headed hydra!
Trog accepts your kill.
Your Fighting skill increases to level 13!
Your Axes skill increases to level 15!
Your Stealth skill increases to level 1!
You barely miss the seven-headed hydra. You headbutt the seven-headed hydra!
The seven-headed hydra is moderately wounded.
You hack one of the seven-headed hydra's heads off!
The six-headed hydra grows two more!
You slice the eight-headed hydra!! You headbutt the eight-headed hydra.
The eight-headed hydra is heavily wounded.
The eight-headed hydra bites you!!
You die...

▓▓▓▓▓▓▓▓▓▓▓▓▓▓▓▓▓▓▓▓▓▓▓▓
.'.....?......)†@Dt.DSrh
▓▓▓▓▓▓▓▓▓▓▓▓▓▓▓▓▓▓▓▓▓▓▓▓▓▓▓▓▓▓▓▓▓
.................................
▓▓▓▓▓▓▓▓▓▓▓▓▓▓▓▓▓▓▓▓▓▓▓▓▓▓▓▓▓▓▓▓▓
÷...'.)...'______________________
▓▓▓▓▓▓▓▓▓▓▓▓▓▓▓▓▓▓▓▓▓▓▓▓▓▓▓▓▓▓▓▓▓


You could see an eight-headed hydra, a six-headed hydra, a water moccasin, a
crocodile, a black bear and a porcupine.

Vanquished Creatures
  A hydra (D)
  A hippogriff (D)
  A slime creature (D)
  A yak (D)
  A basilisk (D)
  A porcupine (D)
  A phantom (D)
  An ogre (D)
  A big kobold (D)
  A bullfrog (D)
  A howler monkey (D)
  2 crimson imps (D)
  A worker ant (D)
  An adder (D)
  A dart slug (D)
  A leopard gecko (D)
  3 orcs (D)
  A giant cockroach (D)
  A goblin (D)
  A hobgoblin (D)
  A quokka zombie (D)
  A rat (D)
25 creatures vanquished.

Notes
Turn   | Place    | Note
-------+----------+-------------------------------------------
     0 | D        | Fang the Minotaur Berserker began the quest for the Orb.
     0 | D        | Reached XP level 1. HP: 19/19 MP: 0/0
     6 | D        | Reached skill level 4 in Axes
     7 | D        | Reached ** piety under Trog
    62 | D        | Noticed a phantom
    64 | D        | Reached skill level 5 in Fighting
    64 | D        | Reached skill level 5 in Axes
    64 | D        | Reached XP level 2. HP: 29/29 MP: 1/1
    70 | D        | Killed a phantom
    70 | D        | Reached *** piety under Trog
    70 | D        | Reached skill level 7 in Axes
    70 | D        | Reached XP level 3. HP: 40/40 MP: 2/2
    70 | D        | Reached XP level 4. HP: 48/48 MP: 3/3
    73 | D        | Reached skill level 8 in Axes
   113 | D        | Found a roughly hewn altar of Beogh.
   113 | D        | Found a snail-covered altar of Cheibriados.
   113 | D        | Found a shadowy altar of Dithmenos.
   113 | D        | Found a white marble altar of Elyvilon.
   113 | D        | Found a blossoming altar of Fedhas.
   113 | D        | Found an opulent altar of Gozag.
   114 | D        | Found a hazy altar of Hepliaklqana.
   115 | D        | Found a viscous altar of Jiyva.
   116 | D        | Found an ancient bone altar of Kikubaaqudgha.
   117 | D        | Found a corrupted altar of Lugonu.
   118 | D        | Found a burning altar of Makhleb.
   119 | D        | Found a sparkling altar of Nemelex Xobeh.
   120 | D        | Found an iron altar of Okawaru.
   121 | D        | Found a stormy altar of Qazlal.
   122 | D        | Found a sacrificial altar of Ru.
   123 | D        | Found a deep blue altar of Sif Muna.
   124 | D        | Found a bloodstained altar of Trog.
   125 | D        | Found a hide-covered altar of Uskayaw.
   126 | D        | Found a radiant altar of Vehumet.
   127 | D        | Found an ornate altar of the Wu Jian Council.
   128 | D        | Found a shimmering altar of Xom.
   129 | D        | Found a basalt altar of Yredelemnul.
   130 | D        | Found a glowing silver altar of Zin.
   131 | D        | Found a glowing golden altar of the Shining One.
   169 | D        | Noticed a bullfrog
   169 | D        | Noticed a big kobold
   169 | D        | Noticed a yak
   173 | D        | Killed a bullfrog
   173 | D        | Reached **** piety under Trog
   173 | D        | Reached skill level 9 in Axes
   173 | D        | Reached XP level 5. HP: 56/56 MP: 4/4
   174 | D        | Reached skill level 10 in Axes
   174 | D        | Reached skill level 5 in Dodging
   177 | D        | Reached XP level 6. HP: 66/66 MP: 5/5
   180 | D        | Reached skill level 10 in Fighting
   180 | D        | Reached skill level 5 in Armour
   182 | D        | Killed a yak
   182 | D        | Reached ***** piety under Trog
   182 | D        | Reached skill level 11 in Axes
   239 | D        | Noticed a basilisk
   239 | D        | Noticed a slime creature
   243 | D        | Reached skill level 12 in Axes
   243 | D        | Reached XP level 7. HP: 74/74 MP: 6/6
   248 | D        | Killed a basilisk
   252 | D        | Killed a slime creature
   252 | D        | Reached skill level 13 in Axes
   517 | D        | Noticed a hippogriff
   517 | D        | Noticed an eight-headed hydra
   517 | D        | Noticed a seven-headed hydra
   522 | D        | Received a gift from Trog
   522 | D        | Reached XP level 8. HP: 85/85 MP: 7/7
   523 | D        | Noticed a six-headed hydra
   525 | D        | Killed a hippogriff
   525 | D        | Reached skill level 14 in Axes
   529 | D        | Killed an 11-headed hydra
   529 | D        | Reached skill level 15 in Axes
   529 | D        | Reached skill level 1 in Stealth
   531 | D        | Mangled by an eight-headed hydra

Skill      XL: |  1  2  3  4  5  6  7  8 |
---------------+-------------------------+-----
Fighting       | 5 7 8 9 11 12 13 | 13.6
Axes           | 5 7 9 10 12 13 15 | 15.6
Armour         | 3 4 5 6 |  6.4
Dodging        | 4 5 6 7 8 |  8.9
Stealth        | 1 |  1.4

Action                   |  1- 3 |  4- 6 |  7- 9 || total
-------------------------+-------+-------+-------++-------
Melee: Hand axe          |    13 |     4 |       ||    17
       Broad axe         |       |    13 |    20 ||    33
       Headbutt          |       |     4 |     8 ||    12
Invok: Berserk           |     1 |     2 |     1 ||     4
  Eat: Chunk             |       |       |     1 ||     1
Armor: Animal skin       |     2 |       |     3 ||     5
Dodge: Dodged            |     8 |     9 |    17 ||    34
